[Event "EYCC Open-U18 2019"]
[Site "Bratislava"]
[Date "2019.08.07"]
[Round "6.39"]
[White "Pektas, Yigit"]
[Black "Kizatbay, Abyl"]
[Result "1-0"]
[ECO "D76"]
[WhiteElo "2111"]
[BlackElo "2216"]
[Annotator "NA"]
[PlyCount "129"]
[EventDate "2019.08.02"]
[EventType "swiss"]
[EventCountry "SVK"]
[SourceTitle "playchess.com"]
[Source "ChessBase"]
[SourceQuality "1"]
[TimeControl "40/5400+30:1800+30"]

1. d4 g6 2. c4 Nf6 3. g3 Bg7 4. Bg2 d5 5. cxd5 Nxd5 6. Nf3 O-O 7. O-O Nb6 8. Nc3 Nc6 9. e3 e5 10. d5 Ne7 11. e4 Bg4 12. Qb3 c6 13. Bg5 cxd5 14. Nxd5 Nbxd5 15. exd5 h6 16. Bxe7 Qxe7 17. Nd2 Rac8 18. Rfe1 b6 19. Nc4 Rfe8 20. h3 Bd7 21. Rad1 Qc5 22. Ne3 Qd6 23. Nc4 Qc5 24. Ne3 e4 25. d6 Re6 26. Nd5 Bf8 27. Bxe4 Bxd6 28. Nf4 Rf6 29. Rd5 Qc7 30. Qd3 Bc6 31. Qd4 Kg7 32. Rf5 gxf5 33. Nh5+ Kf8 34. Bxc6 Be5 35. Rxe5 Rxc6 36. Rxf5 Rg6 37. Qh8+ Ke7 38. Rxf7+ Kxf7 39. Qh7+ Kf8 40. Qxg6 Qc6 41. Qg7+ Ke8 42. Nf6+ Kd8 43. h4 Qe6 44. Qf8+ Kc7 45. Qxh6 Kb7 46. h5 Qe1+ 47. Kg2 Rc1 48. Qh7+ Kb8 49. Qg8+ Kb7 50. Qd5+ Ka6 51. Qd3+ b5 52. g4 Qh1+ 53. Kg3 Rg1+ 54. Kf4 Qh4 55. Qd6+ Ka5 56. Qa3+ Kb6 57. Qe3+ Ka6 58. Kf5 Qh2 59. Kg6 Qc7 60. h6 Qc6 61. g5 Qc2+ 62. Qe4 Qc5 63. f4 Qf8 64. h7 Ka5 65. Qe8 1-0

[Event "EYCC Open-U18 2019"]
[Site "Bratislava"]
[Date "2019.08.07"]
[Round "6.40"]
[White "Kaspar, Lukas"]
[Black "Riha, Vojtech"]
[Result "0-1"]
[ECO "A05"]
[WhiteElo "1886"]
[BlackElo "2197"]
[Annotator "NA"]
[PlyCount "66"]
[EventDate "2019.08.02"]
[EventType "swiss"]
[EventCountry "SVK"]
[SourceTitle "playchess.com"]
[Source "ChessBase"]
[SourceQuality "1"]
[TimeControl "40/5400+30:1800+30"]

1. Nf3 Nf6 2. g3 d6 3. Bg2 e5 4. d3 Be7 5. O-O O-O 6. c4 c6 7. Nc3 Nbd7 8. Bd2 Re8 9. b4 h6 10. Qb3 Bf8 11. a4 a5 12. b5 Qc7 13. Rfc1 Nc5 14. Qc2 Bd7 15. Ra2 g6 16. h3 Bg7 17. Be3 Qc8 18. Kh2 Ne6 19. Qd2 g5 20. Bb6 Nc5 21. Rb1 e4 22. Ne1 Bf5 23. Nd1 exd3 24. exd3 Nfd7 25. Bxa5 Ne5 26. Nb2 Nb3 27. Qb4 Nxa5 28. Qxd6 Naxc4 29. Nxc4 Nxc4 30. Qc5 Ne5 31. a5 Nxd3 32. Nxd3 Bxd3 33. bxc6 Bxb1 0-1

[Event "EYCC Open-U18 2019"]
[Site "Bratislava"]
[Date "2019.08.07"]
[Round "6.41"]
[White "Garanin, Aleksei"]
[Black "Vardanyan, Aras"]
[Result "1-0"]
[ECO "B92"]
[WhiteElo "2192"]
[BlackElo "2027"]
[Annotator "NA"]
[PlyCount "107"]
[EventDate "2019.08.02"]
[EventType "swiss"]
[EventCountry "SVK"]
[SourceTitle "playchess.com"]
[Source "ChessBase"]
[SourceQuality "1"]
[TimeControl "40/5400+30:1800+30"]

1. e4 c5 2. Nf3 d6 3. d4 cxd4 4. Nxd4 Nf6 5. Nc3 a6 6. Be2 e5 7. Nb3 Be7 8. O-O Be6 9. Kh1 O-O 10. f4 Qc7 11. f5 Bc4 12. Bg5 Nbd7 13. Rf3 Rfe8 14. Nd2 Bxe2 15. Qxe2 b5 16. a3 Nb6 17. Nf1 d5 18. Bxf6 Bxf6 19. exd5 e4 20. Nxe4 Bxb2 21. Rb1 Qc4 22. Qxc4 Nxc4 23. Ned2 Nxd2 24. Nxd2 Re2 25. Rd1 Rd8 26. Rd3 Re5 27. d6 Rc5 28. d7 Kf8 29. Nb3 Rxc2 30. g4 Be5 31. Na5 Rc7 32. Rd5 f6 33. Nb3 Ke7 34. Nc5 Rxc5 35. Rxc5 Rxd7 36. Rcd5 Rxd5 37. Rxd5 Bd6 38. Rd3 a5 39. Kg2 Kd7 40. Kf3 Kc6 41. Ke4 b4 42. a4 Bxh2 43. Kd4 g6 44. Rh3 Be5+ 45. Kc4 gxf5 46. gxf5 Ba1 47. Rxh7 Be5 48. Re7 Bc3 49. Re6+ Kb7 50. Rd6 Ka7 51. Kb5 Kb7 52. Rd7+ Kc8 53. Rd3 Be1 54. Kxa5 1-0

[Event "EYCC Open-U18 2019"]
[Site "Bratislava"]
[Date "2019.08.07"]
[Round "6.42"]
[White "Pobor, Danilo"]
[Black "Baranciuc, Alexandr"]
[Result "1/2-1/2"]
[ECO "A73"]
[WhiteElo "1996"]
[BlackElo "1901"]
[Annotator "NA"]
[PlyCount "68"]
[EventDate "2019.08.02"]
[EventType "swiss"]
[EventCountry "SVK"]
[SourceTitle "playchess.com"]
[Source "ChessBase"]
[SourceQuality "1"]
[TimeControl "40/5400+30:1800+30"]

1. d4 Nf6 2. c4 c5 3. d5 e6 4. Nc3 exd5 5. cxd5 d6 6. e4 g6 7. Nf3 Bg7 8. Be2 O-O 9. O-O Na6 10. Nd2 Nc7 11. a4 a6 12. Nc4 Re8 13. f3 Rb8 14. a5 Nb5 15. Bf4 Nh5 16. Bd2 f5 17. f4 Nxc3 18. Bxc3 Rxe4 19. Nd2 Rxf4 20. Bxh5 Rxf1+ 21. Kxf1 gxh5 22. Bxg7 Kxg7 23. Ra3 Qe8 24. Rg3+ Kh8 25. Nc4 f4 26. Rg5 Qe7 27. Qxh5 Bd7 28. h4 f3 29. gxf3 Re8 30. Kg2 Qe1 31. Kh2 Re2+ 32. Rg2 Rxg2+ 33. Kxg2 Qe2+ 34. Kg3 Qe1+ 1/2-1/2

[Event "EYCC Open-U18 2019"]
[Site "Bratislava"]
[Date "2019.08.07"]
[Round "6.43"]
[White "Horak, Jan"]
[Black "Sousa, Hugo Carneiro"]
[Result "1/2-1/2"]
[ECO "C00"]
[WhiteElo "2020"]
[BlackElo "2130"]
[Annotator "NA"]
[PlyCount "88"]
[EventDate "2019.08.02"]
[EventType "swiss"]
[EventCountry "SVK"]
[SourceTitle "playchess.com"]
[Source "ChessBase"]
[SourceQuality "1"]
[TimeControl "40/5400+30:1800+30"]

1. e4 e6 2. d3 d5 3. Qe2 Nf6 4. Nf3 c5 5. g3 Nc6 6. Bg2 Be7 7. O-O O-O 8. e5 Ne8 9. c3 b5 10. h4 a5 11. Bf4 c4 12. dxc4 bxc4 13. Nbd2 Rb8 14. Rab1 Nc7 15. Ng5 Bd7 16. Rfd1 Qc8 17. Qh5 h6 18. Nh3 Na6 19. Bxh6 gxh6 20. Qxh6 Nxe5 21. Ng5 Bxg5 22. Qxg5+ Ng6 23. h5 Qd8 24. Qxd8 Rfxd8 25. hxg6 fxg6 26. b3 cxb3 27. axb3 Nc5 28. c4 d4 29. Ra1 a4 30. bxa4 Bxa4 31. Rdb1 d3 32. Kf1 Nb3 33. Nxb3 Bxb3 34. Bf3 Bxc4 35. Rxb8 Rxb8 36. Ke1 Rb2 37. Rd1 Kf7 38. Rd2 Rb3 39. Be4 g5 40. f4 gxf4 41. gxf4 Rb4 42. Kf2 Bd5 43. Bxd5 exd5 44. Ke3 Re4+ {[%emt 0:00:27] Kxe4} 1/2-1/2

[Event "EYCC Open-U18 2019"]
[Site "Bratislava"]
[Date "2019.08.07"]
[Round "6.44"]
[White "Novosel, Marko"]
[Black "Alivodic, Dario"]
[Result "1/2-1/2"]
[ECO "C05"]
[WhiteElo "1981"]
[BlackElo "2120"]
[Annotator "NA"]
[PlyCount "102"]
[EventDate "2019.08.02"]
[EventType "swiss"]
[EventCountry "SVK"]
[SourceTitle "playchess.com"]
[Source "ChessBase"]
[SourceQuality "1"]
[TimeControl "40/5400+30:1800+30"]

1. e4 e6 2. d4 d5 3. Nd2 Nf6 4. e5 Nfd7 5. Bd3 c5 6. c3 Nc6 7. Ngf3 h5 8. h4 Be7 9. b3 Qb6 10. Bb2 cxd4 11. cxd4 Nf8 12. Rc1 Bd7 13. a3 a5 14. Qe2 O-O-O 15. Bb5 Kb8 16. Bxc6 Bxc6 17. a4 f6 18. O-O Re8 19. Qd3 Rh6 20. Rc2 Nd7 21. Rfc1 Rg8 22. Qe3 fxe5 23. Nxe5 Nxe5 24. Qxe5+ Qc7 25. Qxc7+ Kxc7 26. Bc3 Kb6 27. Nf3 Bf6 28. Bd2 Rhh8 29. Re1 Bd7 30. Ng5 Rc8 31. Rxc8 Rxc8 32. Nxe6 Re8 33. Nf4 Rxe1+ 34. Bxe1 Bxd4 35. Kf1 Be5 36. Nxd5+ Kc5 37. Ne3 Be6 38. Bxa5 Bxb3 39. Bd8 Bxa4 40. Ke2 Bd7 41. Kd3 Bd6 42. f3 b5 43. g4 hxg4 44. fxg4 b4 45. Kc2 Be6 46. Bg5 b3+ 47. Kb1 Be5 48. h5 Bd7 49. Be7+ Kb5 50. Ba3 Bf4 51. Nf5 Kc6 1/2-1/2

[Event "EYCC Open-U18 2019"]
[Site "Bratislava"]
[Date "2019.08.07"]
[Round "6.45"]
[White "Toquero Gracia, Pau"]
[Black "Stijve, Theo"]
[Result "1-0"]
[ECO "B22"]
[WhiteElo "2080"]
[BlackElo "2336"]
[Annotator "NA"]
[PlyCount "120"]
[EventDate "2019.08.02"]
[EventType "swiss"]
[EventCountry "SVK"]
[SourceTitle "playchess.com"]
[Source "ChessBase"]
[SourceQuality "1"]
[TimeControl "40/5400+30:1800+30"]

1. e4 c5 2. c3 d5 3. exd5 Qxd5 4. d4 Nc6 5. Nf3 Bf5 6. Be3 cxd4 7. Nxd4 Nf6 8. Nxf5 Qxf5 9. Qd3 Qd5 10. Qxd5 Nxd5 11. Bb5 Nxe3 12. fxe3 e6 13. Nd2 Bc5 14. Ke2 Ke7 15. Bxc6 bxc6 16. Nc4 a6 17. Rad1 f6 18. Rd2 Rhd8 19. Rhd1 Rxd2+ 20. Rxd2 h5 21. h3 g5 22. e4 Rg8 23. e5 Rc8 24. exf6+ Kxf6 25. Rd7 e5 26. Rh7 h4 27. Rh6+ Kf5 28. Rh7 Rf8 29. Rh6 Ke4 30. Nd2+ Kf4 31. Rxc6 Bg1 32. Nf3 Be3 33. Rc4+ e4 34. Nxg5 Re8 35. Nf3 Kg3 36. Nxh4 Bc1 37. Nf5+ Kxg2 38. Nd6 Re6 39. Nxe4 Bxb2 40. Kd3 Rh6 41. Ra4 Rxh3+ 42. Kc2 Ba1 43. Rxa6 Re3 44. Ra4 Kf3 45. Nd2+ Kf2 46. Rc4 Re7 47. a4 Re5 48. Rb4 Re3 49. Rf4+ Kg2 50. Rc4 Re5 51. Re4 Rc5 52. Rc4 Re5 53. Rb4 Re3 54. Rb3 Kf2 55. Ra3 Re1 56. a5 Ke2 57. Nb3 Bb2 58. Kxb2 Kd3 59. Nc5+ Kc4 60. a6 Kd5 1-0

[Event "EYCC Open-U18 2019"]
[Site "Bratislava"]
[Date "2019.08.07"]
[Round "6.46"]
[White "Joensson, Jacob"]
[Black "Ghersinich, Enrico"]
[Result "0-1"]
[ECO "E10"]
[WhiteElo "1981"]
[BlackElo "2221"]
[Annotator "NA"]
[PlyCount "72"]
[EventDate "2019.08.02"]
[EventType "swiss"]
[EventCountry "SVK"]
[SourceTitle "playchess.com"]
[Source "ChessBase"]
[SourceQuality "1"]
[TimeControl "40/5400+30:1800+30"]

1. d4 Nf6 2. Nf3 c5 3. d5 e6 4. c4 b5 5. dxe6 fxe6 6. cxb5 a6 7. e3 d5 8. Nc3 g6 9. Be2 Bg7 10. O-O O-O 11. Qc2 Qe7 12. Rd1 Bb7 13. b3 e5 14. Bb2 d4 15. exd4 cxd4 16. Na4 Nbd7 17. bxa6 Be4 18. Bc4+ Kh8 19. Qe2 Rae8 20. Ng5 Ba8 21. Ne6 Nh5 22. f3 Rf6 23. Nc7 Nf4 24. Qf1 Nxg2 25. Qxg2 Bxf3 26. Nd5 Qd8 27. Qh3 Rf5 28. Rd3 Rg5+ 29. Kf2 Be4 30. a7 Rf8+ 31. Ke2 Rg2+ 32. Qxg2 Bxg2 33. Rg3 d3+ 34. Rxd3 Qh4 35. Re1 Bh6 36. Rg3 Qxh2 0-1

[Event "EYCC Open-U18 2019"]
[Site "Bratislava"]
[Date "2019.08.07"]
[Round "6.47"]
[White "Cordeiro, Joao Carlos Santos F"]
[Black "Marzo Pie, Xavier"]
[Result "0-1"]
[ECO "B06"]
[WhiteElo "1924"]
[BlackElo "2202"]
[Annotator "NA"]
[PlyCount "94"]
[EventDate "2019.08.02"]
[EventType "swiss"]
[EventCountry "SVK"]
[SourceTitle "playchess.com"]
[Source "ChessBase"]
[SourceQuality "1"]
[TimeControl "40/5400+30:1800+30"]

1. e4 d6 2. d4 g6 3. Nc3 Bg7 4. Be3 a6 5. Qd2 b5 6. f3 Nd7 7. g4 Bb7 8. h4 h5 9. g5 e6 10. Nh3 Ne7 11. Ne2 c5 12. c3 Qc7 13. Bg2 Nb6 14. b3 a5 15. O-O O-O 16. Ng3 b4 17. cxb4 axb4 18. Rac1 c4 19. Qxb4 Rxa2 20. bxc4 Rfa8 21. Bf2 Nc6 22. Qb3 Nxd4 23. Qd3 R8a3 24. Qd1 e5 25. Bxd4 exd4 26. Rf2 Rxf2 27. Nxf2 Nxc4 28. Nf1 d5 29. Nd2 Rc3 30. Rxc3 dxc3 31. Nxc4 Qxc4 32. Bf1 Qc5 33. Kg2 c2 34. Qc1 Bb2 35. Qxb2 c1=Q 36. Qxb7 Q1c2 37. Qb8+ Kh7 38. Qg3 dxe4 39. fxe4 Qd4 40. Qf3 Kg8 41. Qf4 Kg7 42. Bb5 Qb1 43. Be8 Qb7 44. Kf3 Kf8 45. Ba4 Qxa4 46. Qf6 Qab3+ 47. Kg2 Qb2 0-1

[Event "EYCC Open-U18 2019"]
[Site "Bratislava"]
[Date "2019.08.07"]
[Round "6.48"]
[White "Easwaralingam, Adesh"]
[Black "Johannsson, Birkir Isak"]
[Result "0-1"]
[ECO "B90"]
[WhiteElo "2113"]
[BlackElo "1988"]
[Annotator "NA"]
[PlyCount "106"]
[EventDate "2019.08.02"]
[EventType "swiss"]
[EventCountry "SVK"]
[SourceTitle "playchess.com"]
[Source "ChessBase"]
[SourceQuality "1"]
[TimeControl "40/5400+30:1800+30"]

1. e4 c5 2. Nf3 d6 3. d4 cxd4 4. Nxd4 Nf6 5. Nc3 a6 6. Be3 e6 7. Be2 Be7 8. f4 O-O 9. g4 d5 10. e5 Ne4 11. Nxe4 dxe4 12. g5 b5 13. h4 Qa5+ 14. Kf2 Bb7 15. Qg1 Nc6 16. Nb3 Qc7 17. Kg3 Nb4 18. Bc5 Rac8 19. Bxb4 Bxb4 20. c3 Be7 21. h5 Rfd8 22. g6 Bf8 23. Qe3 Bd5 24. gxf7+ Qxf7 25. Rad1 Qe8 26. Nd4 Bc5 27. Rd2 Rd7 28. Rhd1 Rcd8 29. Bg4 Kh8 30. a3 Bb6 31. Qe2 Qe7 32. Qe1 Qe8 33. Kh3 Re7 34. Qg3 Bc4 35. Kh2 Bd3 36. Nb3 Red7 37. Nc1 Bc4 38. Qe1 e3 39. Rxd7 Rxd7 40. Bf3 Qd8 41. Rxd7 Qxd7 42. Bd1 Qc6 43. b3 Bd5 44. Be2 Be4 45. c4 h6 46. Qc3 Bh1 47. Bf1 Bf3 48. Be2 Qe4 49. Kg3 Bh1 50. Qd3 Qg2+ 51. Kh4 Qh2+ 52. Kg4 Bg2 53. f5 Bh3+ 0-1

[Event "EYCC Open-U18 2019"]
[Site "Bratislava"]
[Date "2019.08.08"]
[Round "7.1"]
[White "Zarubitski, Viachaslau"]
[Black "Kaasen, Tor Fredrik"]
[Result "1/2-1/2"]
[ECO "B51"]
[WhiteElo "2424"]
[BlackElo "2376"]
[Annotator "NA"]
[PlyCount "82"]
[EventDate "2019.08.02"]
[EventType "swiss"]
[EventCountry "SVK"]
[SourceTitle "playchess.com"]
[Source "ChessBase"]
[SourceQuality "1"]
[TimeControl "40/5400+30:1800+30"]

1. e4 c5 2. Nf3 d6 3. Bb5+ Nd7 4. d4 cxd4 5. Qxd4 a6 6. Bxd7+ Bxd7 7. Nc3 e5 8. Qd3 Rc8 9. O-O h6 10. Rd1 Nf6 11. Nd2 Bg4 12. f3 Be6 13. Nf1 Be7 14. Ne3 O-O 15. a4 Qc7 16. Bd2 Rfd8 17. Be1 d5 18. Nexd5 Bxd5 19. exd5 Bb4 20. Rac1 Qb6+ 21. Bf2 Qa5 22. Be1 Bxc3 23. Bxc3 Qb6+ 24. Kh1 Nxd5 25. a5 Qc7 26. h3 Nxc3 27. Qxc3 Rxd1+ 28. Rxd1 Qxc3 29. bxc3 Rxc3 30. Rd8+ Kh7 31. Rd7 f6 32. Rxb7 Rc5 33. Ra7 Rxa5 34. Kh2 Kg6 35. Kg3 f5 36. Kf2 Ra2 37. Rc7 Kf6 38. h4 f4 39. g3 fxg3+ 40. Kxg3 a5 41. Kg4 g6 1/2-1/2

[Event "EYCC Open-U18 2019"]
[Site "Bratislava"]
[Date "2019.08.08"]
[Round "7.2"]
[White "Nguyen, Thai Dai Van"]
[Black "Vrolijk, Liam"]
[Result "1-0"]
[ECO "D38"]
[WhiteElo "2535"]
[BlackElo "2478"]
[Annotator "ChessBase"]
[PlyCount "67"]
[EventDate "2019.08.02"]
[EventType "swiss"]
[EventCountry "SVK"]
[SourceTitle "playchess.com"]
[Source "ChessBase"]
[SourceQuality "1"]
[TimeControl "40/5400+30:1800+30"]

1. d4 Nf6 2. c4 e6 3. Nf3 d5 4. Nc3 Bb4 5. cxd5 exd5 6. Bg5 h6 7. Bh4 O-O 8. e3 c5 9. dxc5 Nbd7 10. Be2 g5 11. Bg3 Ne4 12. Rc1 Ndxc5 13. Be5 Re8 14. a3 Bxc3+ 15. Bxc3 Nxc3 16. Rxc3 Ne4 17. Rb3 Qa5+ 18. Rb4 Bd7 19. O-O b6 20. Nd2 Nxd2 21. Qxd2 Rac8 22. h4 gxh4 23. Rd1 h3 24. Bg4 Be6 25. gxh3 Qc5 26. Bxe6 Rxe6 27. Rg4+ Kf8 28. b4 Qc3 29. Qxd5 Qxa3 30. Rf4 Kg8 31. Kh2 Qb2 32. Qd7 Rf8 33. Rg1+ Kh8 34. Rxf7 1-0

[Event "EYCC Open-U18 2019"]
[Site "Bratislava"]
[Date "2019.08.08"]
[Round "7.3"]
[White "Hakobyan, Aram"]
[Black "Murzin, Volodar"]
[Result "1/2-1/2"]
[ECO "D15"]
[WhiteElo "2568"]
[BlackElo "2429"]
[Annotator "ChessBase"]
[PlyCount "73"]
[EventDate "2019.08.02"]
[EventType "swiss"]
[EventCountry "SVK"]
[SourceTitle "playchess.com"]
[Source "ChessBase"]
[SourceQuality "1"]
[TimeControl "40/5400+30:1800+30"]

1. d4 d5 2. c4 c6 3. Nf3 Nf6 4. Nc3 a6 5. Qc2 g6 6. Bg5 Nbd7 7. e3 Bg7 8. Rc1 O-O 9. cxd5 cxd5 10. Be2 b5 11. O-O Nb6 12. Ne5 Bf5 13. Bd3 Bxd3 14. Nxd3 e6 15. Nc5 Qd6 16. a4 b4 17. a5 Nc4 18. N3e4 Nxe4 19. Nxe4 Qd7 20. Nf6+ Bxf6 21. Bxf6 Rfc8 22. Qe2 Nxa5 23. Rxc8+ Rxc8 24. Qxa6 Nc4 25. h3 Nd2 26. Ra1 Ne4 27. Be5 f6 28. Bg3 Qc6 29. Qa7 Nxg3 30. fxg3 Qc7 31. Qa6 Kf7 32. Ra5 Qc6 33. Qa7+ Qc7 34. Kh2 h5 35. h4 g5 36. hxg5 fxg5 37. Qxc7+ 1/2-1/2

[Event "EYCC Open-U18 2019"]
[Site "Bratislava"]
[Date "2019.08.08"]
[Round "7.4"]
[White "Bronstein, Or"]
[Black "Bjerre, Jonas Buhl"]
[Result "1-0"]
[ECO "E04"]
[WhiteElo "2378"]
[BlackElo "2503"]
[Annotator "ChessBase"]
[PlyCount "139"]
[EventDate "2019.08.02"]
[EventType "swiss"]
[EventCountry "SVK"]
[SourceTitle "playchess.com"]
[Source "ChessBase"]
[SourceQuality "1"]
[TimeControl "40/5400+30:1800+30"]

1. d4 Nf6 2. c4 e6 3. Nf3 d5 4. g3 dxc4 5. Bg2 Bb4+ 6. Bd2 a5 7. Qc2 Bxd2+ 8. Qxd2 c6 9. a4 Ne4 10. Qf4 Qb6 11. O-O Qxb2 12. Ne5 O-O 13. Na3 Nc3 14. Qe3 Nxe2+ 15. Kh1 Nc3 16. Rfc1 Nd5 17. Bxd5 exd5 18. Rcb1 Qb4 19. Rxb4 axb4 20. Naxc4 dxc4 21. Nxc4 Be6 22. Nd6 Nd7 23. h3 Ra7 24. Kh2 Rfa8 25. d5 cxd5 26. Qb3 Ra6 27. Qxb4 Rb6 28. Qf4 Nc5 29. Nb5 Rc8 30. Rc1 Rbc6 31. Qh4 Ne4 32. Rxc6 bxc6 33. Nd4 Bd7 34. Qe7 Nf6 35. Qc5 Ne4 36. Qa7 Nf6 37. Nb3 Bf5 38. g4 Bd3 39. Nc5 Bc4 40. g5 Ne4 41. Qd7 Rf8 42. Nxe4 dxe4 43. Qxc6 Be6 44. a5 Rd8 45. Qc7 Ra8 46. a6 Rf8 47. Qd6 Bc8 48. Qc6 Bxa6 49. Qxa6 Re8 50. Qc6 Kf8 51. Qd6+ Kg8 52. Kg3 g6 53. Kf4 Re6 54. Qd8+ Kg7 55. h4 e3 56. fxe3 Rc6 57. Qd4+ Kg8 58. Qd5 Ra6 59. Qb5 Re6 60. Qd7 Kf8 61. e4 Re8 62. e5 Re6 63. Ke4 Kg7 64. Kd5 Ra6 65. Qb5 Re6 66. Qb7 Kf8 67. Qc8+ Re8 68. Qd7 Ra8 69. e6 fxe6+ 70. Ke4 1-0

[Event "EYCC Open-U18 2019"]
[Site "Bratislava"]
[Date "2019.08.08"]
[Round "7.5"]
[White "Engel, Luis"]
[Black "Gorshtein, Ido"]
[Result "1/2-1/2"]
[ECO "B12"]
[WhiteElo "2509"]
[BlackElo "2367"]
[Annotator "ChessBase"]
[PlyCount "113"]
[EventDate "2019.08.02"]
[EventType "swiss"]
[EventCountry "SVK"]
[SourceTitle "playchess.com"]
[Source "ChessBase"]
[SourceQuality "1"]
[TimeControl "40/5400+30:1800+30"]

1. e4 c6 2. d4 d5 3. e5 Bf5 4. Nf3 e6 5. Be2 Ne7 6. O-O c5 7. dxc5 Nec6 8. Be3 Nd7 9. c4 dxc4 10. Na3 c3 11. Qb3 Bxc5 12. Bxc5 Nxc5 13. Qxc3 Qe7 14. Rac1 Nd7 15. Nc4 O-O 16. Qe3 Rfd8 17. a3 Nf8 18. Rfd1 Rxd1+ 19. Rxd1 Rd8 20. Rd6 Rc8 21. h3 Nd7 22. Rd2 Nb6 23. Nxb6 axb6 24. Qxb6 Be4 25. Qe3 Bd5 26. Rc2 Rd8 27. Rc1 h6 28. b4 Qd7 29. Ne1 Ne7 30. Bf3 Qa4 31. Bd1 Qd7 32. Bc2 Nf5 33. Bxf5 exf5 34. Rd1 Qe6 35. Nf3 Re8 36. Nd4 Qxe5 37. Nxf5 Bc6 38. Qxe5 Rxe5 39. Nd6 f6 40. f3 Kf8 41. Kf2 Ke7 42. Nc4 Rb5 43. g4 Bd7 44. Rd4 Be6 45. Na5 Rb6 46. a4 Ra6 47. Re4 b6 48. Nc6+ Kd6 49. Nd4 Bd7 50. Nb5+ Bxb5 51. axb5 Ra2+ 52. Kg3 Rd2 53. Rc4 Kd7 54. Kf4 Rd5 55. Ke4 Rxb5 56. f4 g5 57. Rd4+ 1/2-1/2

[Event "EYCC Open-U18 2019"]
[Site "Bratislava"]
[Date "2019.08.08"]
[Round "7.6"]
[White "Erenberg, Ariel"]
[Black "Gatineau, Yovann"]
[Result "1-0"]
[ECO "D31"]
[WhiteElo "2442"]
[BlackElo "2364"]
[Annotator "NA"]
[PlyCount "91"]
[EventDate "2019.08.02"]
[EventType "swiss"]
[EventCountry "SVK"]
[SourceTitle "playchess.com"]
[Source "ChessBase"]
[SourceQuality "1"]
[TimeControl "40/5400+30:1800+30"]

1. d4 d5 2. c4 e6 3. Nc3 Bb4 4. a3 Bxc3+ 5. bxc3 c6 6. a4 Ne7 7. e3 O-O 8. Bd3 b6 9. Nf3 h6 10. Ba3 Nd7 11. a5 c5 12. cxd5 Nxd5 13. c4 N5f6 14. e4 Bb7 15. e5 Nh5 16. O-O Nf4 17. Re1 Bxf3 18. Qxf3 Nxe5 19. dxe5 Nxd3 20. Re3 Nb4 21. Bxb4 cxb4 22. Rd3 Qc7 23. axb6 Qxb6 24. Rd7 a5 25. h3 b3 26. Rb7 Qd4 27. Rd1 Qxc4 28. Rxb3 a4 29. Ra3 Rfd8 30. Rd7 Rf8 31. Qe3 Ra5 32. Rd4 Qc2 33. Kh2 Rfa8 34. Rg4 Qf5 35. Re4 Kh7 36. f4 g5 37. fxg5 hxg5 38. Qe2 Rd5 39. Rf3 Qg6 40. Rf6 Qg7 41. h4 Kg8 42. Rg4 Kf8 43. Rxg5 Qh7 44. Rh5 Qg7 45. Qe4 Ke8 46. Rh7 1-0

[Event "EYCC Open-U18 2019"]
[Site "Bratislava"]
[Date "2019.08.08"]
[Round "7.7"]
[White "Salemgareev, Tagir"]
[Black "Pantzar, Milton"]
[Result "1/2-1/2"]
[ECO "D17"]
[WhiteElo "2412"]
[BlackElo "2357"]
[Annotator "NA"]
[PlyCount "129"]
[EventDate "2019.08.02"]
[EventType "swiss"]
[EventCountry "SVK"]
[SourceTitle "playchess.com"]
[Source "ChessBase"]
[SourceQuality "1"]
[TimeControl "40/5400+30:1800+30"]

1. d4 d5 2. c4 c6 3. Nf3 Nf6 4. Nc3 dxc4 5. a4 Bf5 6. Ne5 Nbd7 7. Nxc4 Nb6 8. Ne5 a5 9. e3 g6 10. g3 Bg7 11. Bg2 O-O 12. O-O Nfd7 13. f4 Nxe5 14. fxe5 Be6 15. Ne4 Bc4 16. Re1 Bd5 17. Qc2 f6 18. exf6 exf6 19. Nc5 f5 20. Bxd5+ cxd5 21. Bd2 Qe7 22. Qb3 Nc4 23. Rad1 b6 24. Nd3 Rad8 25. Bc1 Rfe8 26. Qb5 Bh6 27. Ne5 Nxe5 28. dxe5 Qc5 29. Qxc5 bxc5 30. Bd2 Rxe5 31. Bxa5 Ra8 32. Bc7 Rxe3 33. a5 Kf7 34. Rxe3 Bxe3+ 35. Kf1 Ke6 36. Bb6 f4 37. gxf4 Bxf4 38. h3 Kd6 39. b4 cxb4 40. Rd4 Be3 41. Rxb4 Bxb6 42. Rxb6+ Kc5 43. Rb7 Rxa5 44. Rxh7 Kd4 45. Rg7 Ra6 46. Ke2 Re6+ 47. Kd2 Ke4 48. h4 Kf5 49. Kd3 Re1 50. Rf7+ Kg4 51. Rg7 Kf5 52. Rf7+ Ke6 53. Rh7 Rg1 54. Rh8 Rg4 55. Ke3 Re4+ 56. Kd3 Ra4 57. Ke3 Kf5 58. Rf8+ Kg4 59. Rg8 Ra6 60. Rh8 Kg3 61. Rh6 Kg4 62. Kd4 Kf5 63. Kxd5 Ra1 64. Kd4 Rh1 65. Ke3 1/2-1/2

[Event "EYCC Open-U18 2019"]
[Site "Bratislava"]
[Date "2019.08.08"]
[Round "7.8"]
[White "Gumularz, Szymon"]
[Black "Kotau, Arseni"]
[Result "1-0"]
[ECO "B85"]
[WhiteElo "2502"]
[BlackElo "2227"]
[Annotator "ChessBase"]
[PlyCount "57"]
[EventDate "2019.08.02"]
[EventType "swiss"]
[EventCountry "SVK"]
[SourceTitle "playchess.com"]
[Source "ChessBase"]
[SourceQuality "1"]
[TimeControl "40/5400+30:1800+30"]

1. e4 c5 2. Nf3 e6 3. d4 cxd4 4. Nxd4 a6 5. Be2 Nf6 6. Nc3 Qc7 7. O-O d6 8. f4 Nbd7 9. Bf3 Be7 10. a4 O-O 11. g4 Rd8 12. g5 Ne8 13. Bg2 Ne5 14. Kh1 Nc4 15. f5 Qb6 16. fxe6 fxe6 17. Nxe6 Bxe6 18. Nd5 Bxd5 19. Qxd5+ Kh8 20. Qxc4 d5 21. exd5 Nd6 22. Qe2 Re8 23. Qd3 Rf8 24. Bd2 Rxf1+ 25. Rxf1 Qxb2 26. Bc3 Qb6 27. g6 h6 28. Qh3 Bg5 29. Qd7 1-0

[Event "EYCC Open-U18 2019"]
[Site "Bratislava"]
[Date "2019.08.08"]
[Round "7.9"]
[White "Pechac, Jergus"]
[Black "Godzwon, Iwo"]
[Result "1/2-1/2"]
[ECO "E53"]
[WhiteElo "2469"]
[BlackElo "2285"]
[Annotator "ChessBase"]
[PlyCount "136"]
[EventDate "2019.08.02"]
[EventType "swiss"]
[EventCountry "SVK"]
[SourceTitle "playchess.com"]
[Source "ChessBase"]
[SourceQuality "1"]
[TimeControl "40/5400+30:1800+30"]

1. d4 Nf6 2. c4 e6 3. Nc3 Bb4 4. e3 O-O 5. Bd3 d5 6. Nf3 c5 7. O-O cxd4 8. exd4 dxc4 9. Bxc4 b6 10. Bg5 Bb7 11. Qe2 Nbd7 12. Rac1 Rc8 13. Bd3 Bxc3 14. bxc3 Qc7 15. c4 h6 16. Bd2 Rfe8 17. Rfe1 Qd6 18. Bc3 Ng4 19. h3 Bxf3 20. Qxf3 Qh2+ 21. Kf1 Ngf6 22. Qg3 Qxg3 23. fxg3 Red8 24. Ke2 Re8 25. Kf3 Red8 26. Ke3 Re8 27. Kd2 Red8 28. g4 e5 29. d5 Re8 30. Bf1 Re7 31. Kc2 Ne8 32. h4 Nd6 33. Kb1 f6 34. Bd2 Nc5 35. g5 hxg5 36. hxg5 Nde4 37. gxf6 Nxd2+ 38. Kc2 gxf6 39. Kxd2 f5 40. Re3 Kg7 41. Kc3 Rh8 42. Kb4 Kf6 43. a4 f4 44. Rf3 Kg5 45. g3 Rh1 46. gxf4+ exf4 47. Kb5 Kg4 48. Ra3 f3 49. a5 Rh6 50. axb6 axb6 51. Ra8 Re3 52. Rb1 Ne4 53. Rg8+ Kf4 54. Ka6 b5+ 55. Ka7 Nd2 56. Rd1 Nxc4 57. Bxc4 bxc4 58. Rc8 Re7+ 59. Kb8 f2 60. Rxc4+ Ke3 61. Rc6 Ke2 62. Rxh6 Kxd1 63. Rf6 Ke2 64. Rxf2+ Kxf2 65. Kc8 Ke3 66. d6 Rh7 67. d7 Rxd7 68. Kxd7 Ke4 1/2-1/2

[Event "EYCC Open-U18 2019"]
[Site "Bratislava"]
[Date "2019.08.08"]
[Round "7.10"]
[White "Levitskiy, Andrey"]
[Black "Blohberger, Felix"]
[Result "1-0"]
[ECO "B90"]
[WhiteElo "2280"]
[BlackElo "2476"]
[Annotator "ChessBase"]
[PlyCount "71"]
[EventDate "2019.08.02"]
[EventType "swiss"]
[EventCountry "SVK"]
[SourceTitle "playchess.com"]
[Source "ChessBase"]
[SourceQuality "1"]
[TimeControl "40/5400+30:1800+30"]

1. e4 c5 2. Nf3 d6 3. d4 cxd4 4. Nxd4 Nf6 5. Nc3 a6 6. h3 e6 7. g4 Nfd7 8. g5 Be7 9. h4 b5 10. a3 Bb7 11. Be3 Nc6 12. Nxc6 Bxc6 13. Qd4 O-O 14. O-O-O Rb8 15. h5 Re8 16. Rg1 Bf8 17. f4 a5 18. g6 fxg6 19. hxg6 h6 20. Bh3 b4 21. Qc4 bxc3 22. Qxc6 cxb2+ 23. Kb1 Qe7 24. Rd3 Nf6 25. Bd4 Rec8 26. Bxf6 Qxf6 27. Qd7 Re8 28. Rb3 Rbd8 29. Qc7 a4 30. Rxb2 Rc8 31. Qd7 Rb8 32. Rb4 Kh8 33. Qf7 Rxb4+ 34. axb4 Qd8 35. Bxe6 Be7 36. Rh1 1-0